 Dungeon Crawl Stone Soup version 0.21-a0-39-g28ea6b7 (webtiles) character file.

250 tilp the Chiller (level 6, -8/41 HPs)
             Began as a Merfolk Ice Elementalist on June 2, 2017.
             Killed by nerve-wracking pain
             ... invoked by an orc priest
              (14 damage)
             ... on level 4 of the Dungeon.
             The game lasted 00:12:23 (3999 turns).

tilp the Chiller (Merfolk Ice Elementalist)         Turns: 3999, Time: 00:12:24

Health: -8/41      AC:  4    Str:  9    XL:     6   Next: 13%
Magic:  4/12       EV: 13    Int: 16    God:
Gold:   140        SH:  0    Dex: 14    Spells: 7/13 levels left

rFire    . . .     SeeInvis .   s - +0 short sword
rCold    . . .     Gourm    .   (no shield)
rNeg     . . .     Faith    .   a - +0 robe
rPois    .         Spirit   .   h - +0 helmet
rElec    .         Reflect  .   (no cloak)
rCorr    .         Harm     .   i - +0 pair of gloves
MR       .....                  (no boots)
Stlth    ++........             (no amulet)
Regen    0.2/turn               (no ring)
MPRegen  0.2/turn               (no ring)

@: no status effects
A: change form in water, swift swim, stealthy swim
a: no special abilities


You were on level 4 of the Dungeon.
You were not hungry.

You visited 1 branch of the dungeon, and saw 4 of its levels.

You collected 140 gold pieces.

Inventory:

Hand Weapons
 l - a +0 spear
 s - a +0 short sword (weapon)
Armour
 a - a +0 robe (worn)
 h - a +0 helmet (worn)
 i - a +0 pair of gloves (worn)
Jewellery
 m - an uncursed ring of poison resistance {unknown}
 n - an uncursed ring of protection from fire {unknown}
Wands
 t - a wand of random effects (25/48)
Scrolls
 d - 2 scrolls of remove curse {unknown}
 j - 5 scrolls of identify {unknown}
 o - a scroll of noise {unknown}
 p - 2 scrolls of teleportation {unknown}
 r - a scroll of enchant armour {unknown}
Potions
 e - a potion of haste {unknown}
 k - 7 potions of curing {unknown}
 q - a potion of ambrosia {unknown}
 u - a potion of cancellation {unknown}
Books
 b - a book of Frost

   Spells                             Type                      Level
   a - Freeze                         Ice                          1
   b - Throw Frost                    Conjuration/Ice              2
   c - Ozocubu's Armour               Charms/Ice                   3
   d - Throw Icicle                   Conjuration/Ice              4
   e - Summon Ice Beast               Ice/Summoning                4
Comestibles
 c - 2 bread rations
 f - a chunk of flesh
 g - 2 meat rations


   Skills:
 * Level 2.8 Polearms
 - Level 2.6 Dodging
 - Level 2.1 Stealth
 * Level 4.3 Spellcasting
 - Level 0.7 Conjurations
 + Level 4.9 Ice Magic


You had 7 spell levels left.
You knew the following spells:

 Your Spells              Type           Power        Failure   Level  Hunger
a - Freeze                Ice            ###.         2%          1    None
b - Throw Frost           Conj/Ice       ##....       8%          2    ##.....
c - Ozocubu's Armour      Chrm/Ice       ##......     17%         3    ###....


Dungeon Overview and Level Annotations

Branches:
Dungeon (4/15)
 Temple: D:4-7

Altars:
Elyvilon
Ru

Annotations:
D:4 Borgoz's ghost, amateur SpAs


Message History

* * * LOW HITPOINT WARNING * * *
Casting: Freeze
Confirm with . or Enter, or press ? or * to list all spells.
Aiming: Freeze
Press: ? - help, Shift-Dir - straight line, f/p - orc priest
Aim: an orc priest, wielding a flail and wearing a leather armour (moderately wounded)
You freeze the orc priest.
The orc priest is heavily wounded.
The orc priest hits you with a flail.
* * * LOW HITPOINT WARNING * * *
Casting: Freeze
Confirm with . or Enter, or press ? or * to list all spells.
Aiming: Freeze
Press: ? - help, Shift-Dir - straight line, f/p - orc priest
Aim: an orc priest, wielding a flail and wearing a leather armour (heavily wounded)
You freeze the orc priest.
The orc priest is almost dead.
The orc priest calls down the wrath of Beogh upon you.
Pain shoots through your body!
You die...

#o# #.# #{# #.# #.#
#.# #.# #.# #.#
####.####### #o#
#........... #.#
#.#...#.....
#.#######.#.#...###.
#.o@......#..<###
###############


You could see an orc priest.

Vanquished Creatures
  An orc priest (D:3)
  2 orc wizards
  5 adders
  2 oozes (D:1)
  3 worms
  2 dart slugs
  2 leopard geckos
  14 orcs
  5 giant cockroaches
  8 goblins
  6 hobgoblins
  2 jackals (D:3)
  5 kobolds
  3 quokkas
  11 bats
  9 frilled lizards
  7 rats
87 creatures vanquished.

Notes
Turn   | Place    | Note
-------+----------+-------------------------------------------
     0 | D:1      | tilp the Merfolk Ice Elementalist began the quest for the Orb.
     0 | D:1      | Reached XP level 1. HP: 13/13 MP: 3/3
   191 | D:1      | Reached XP level 2. HP: 12/19 MP: 5/5
   318 | D:1      | Learned a level 2 spell: Throw Frost
   734 | D:1      | Reached XP level 3. HP: 10/24 MP: 1/7
  1145 | D:2      | Learned a level 3 spell: Ozocubu's Armour
  1151 | D:2      | You fall through a shaft for 2 floors!
  1233 | D:4      | Noticed Borgoz's ghost (amateur SpAs)
  1491 | D:2      | Reached skill level 1 in Polearms
  1585 | D:2      | Reached XP level 4. HP: 19/30 MP: 1/8
  2766 | D:3      | Found a sacrificial altar of Ru.
  2786 | D:3      | Reached XP level 5. HP: 27/35 MP: 3/10
  3209 | D:3      | Found a white marble altar of Elyvilon.
  3991 | D:4      | Reached XP level 6. HP: 19/41 MP: 10/12
  3999 | D:4      | Killed from afar by an orc priest

Vault maps used:
D:1:      shiori_shiawase, lemuel_another_geyser
D:2:      first_bread, serial_bayou_pond_d
D:3:      lemuel_round_altar, nicolae_ru_great_annihilating_truth
D:4:      lemuel_upstairs_altar

Skill      XL: |  1  2  3  4  5 |
---------------+----------------+-----
Ice Magic      | 4 |  4.9
Polearms       | 1 2 |  2.8
Spellcasting   | 3 4 |  4.3
Dodging        | |  2.6
Stealth        | |  2.1
Conjurations   | |  0.7

Action                   |  1- 3 |  4- 6 || total
-------------------------+-------+-------++-------
Melee: Dagger            |   150 |    84 ||   234
       Unarmed           |     1 |       ||     1
       Short sword       |       |    89 ||    89
 Cast: Freeze            |    33 |    51 ||    84
       Throw Frost       |     2 |    10 ||    12
 Stab: Sleeping          |     1 |     3 ||     4
  Eat: Chunk             |     3 |     8 ||    11
Armor: Robe              |    47 |    42 ||    89
Dodge: Dodged            |   135 |   146 ||   281
